AoeStats
← TheHuisman

Arena

510429378Analyzed
1v1 RM · 17h ago on Oct 1, 2026· 47m 10s· 2 players
Game mode
Random Map
Map size
Tiny (2 player)
Population
200
Speed
Normal
Resources
Standard
Victory
Conquest
Starting age
Dark Age
Ending age
Imperial Age
RankedLock teamsTeams togetherTeam positionsShared explorationLock speedFull tech treeHidden civsTurbo modeCheats
Victory
Defeat
🇹🇼 Spanish · Taiwan
1096
+17
🇦🇷 Persians · Argentina
1117
-17
ryanlee0512
10:29 Feudal Age
14:04 Castle Age
12:08 Double-Bit Axe
12:15 Horse Collar
15:20 Bow Saw
20:56 Stone Mining
24:07 Wheelbarrow
23:44 Town Watch
27:55 Imperial Age
26:14 Stone Shaft Mining
25:32 Gold Mining
26:43 Hand Cart
26:18 Pikeman
27:25 Padded Archer Armor
27:48 Ballistics
28:04 Town Patrol
29:07 Conscription
28:48 Scale Mail Armor
28:59 Forging
29:05 Leather Archer Armor
29:18 Heavy Plow
30:22 Chemistry
29:51 Squires
30:30 Guilds
30:44 Chain Mail Armor
30:30 Loom
30:53 Halberdier
31:43 Scale Barding Armor
32:16 Ring Archer Armor
32:24 Iron Casting
31:53 Husbandry
32:04 Bloodlines
32:40 Plate Mail Armor
34:14 Light Cavalry
36:30 Scale Barding Armor
37:26 Blast Furnace
35:51 Hussar
37:14 Onager
38:24 Arrowslits
38:57 Masonry
43:15 Cavalier
44:18 Chain Barding Armor
45:00 Two-Man Saw
45:41 Paladin
47:46 Plate Barding Armor
47:09 Elite Conquistador
TheHuisman
10:10 Feudal Age
10:51 Double-Bit Axe
11:13 Horse Collar
13:30 Wheelbarrow
12:44 Town Watch
13:40 Loom
16:58 Castle Age
16:32 Forging
16:23 Scale Mail Armor
16:44 Gold Mining
17:32 Gambesons
17:33 Arson
19:42 Fervor
22:55 Bow Saw
23:36 Fletching
23:47 Padded Archer Armor
24:21 Heavy Plow
23:54 Elite Skirmisher
25:28 Ballistics
26:08 Hand Cart
29:59 Imperial Age
28:37 Gold Shaft Mining
27:56 Stone Mining
28:18 Town Patrol
30:18 Husbandry
30:29 Bloodlines
29:40 Heavy Camel Rider
30:17 Bodkin Arrow
31:07 Block Printing
31:28 Theocracy
30:53 Devotion
31:45 Stone Shaft Mining
31:47 Iron Casting
31:49 Leather Archer Armor
31:46 Masonry
31:44 Herbal Medicine
34:43 Chemistry
33:39 Murder Holes
34:17 Architecture
34:49 Blast Furnace
33:56 Scale Barding Armor
35:02 Ring Archer Armor
35:54 Hoardings
35:44 Chain Mail Armor
36:20 Conscription
36:43 Crop Rotation
38:02 Chain Barding Armor
37:46 Squires
37:29 Pikeman
38:15 Halberdier
40:28 Plate Mail Armor
40:34 Plate Barding Armor
40:46 Faith
Connection lost

Rejoining the realm…

Still unreachable

The connection could not be restored.

Session expired

The server has moved on; the page needs a fresh start.